[Event "*** Titled Tuesday 3|2 Blitz"]
[Site "Chess.com"]
[Date "2016.01.05"]
[Round "3"]
[White "motivated_bishop"]
[Black "stefanodinn"]
[Result "1-0"]
[WhiteElo "2256"]
[BlackElo "2146"]
[TimeControl "180+2"]
[EndTime "11:34:18 PST"]
[Termination "motivated_bishop won by resignation"]

1. d4 d5 2. c4 c6 3. cxd5 cxd5 4. Bf4 Nc6 5. e3 Nf6 6. Nc3 a6 7. Be2 e6 8. Rc1 Bd6 9. Bxd6 Qxd6 10. f4 O-O 11.
Nf3 Ng4 12. Qd2 f5 13. O-O Bd7 14. Ne5 Ngxe5 15. fxe5 Qe7 16. Kh1 Rac8 17. Qd1 Qg5 18. Rf3 b5 19. a4 b4 20. Nb1 a5 21. Nd2 f4 22. exf4 Rxf4 23. Nb3 Rxf3 24. Bxf3 Qe3 25. Bg4 g6 26. h4 Kg7 27. Bh3 h5 28. Qf3 Qxf3 29.
gxf3 Re8 30. Nc5 Bc8 31. Rd1 Re7 32. Kh2 Kh6 33. f4 Rf7 34. Bxe6 Bxe6 35. Nxe6 Re7 36. Ng5 Kg7 37. Kg3 Kf8 38. Kf2 Ke8 39. Ke3 Rc7 40.
Rc1 Kd7 41. Rc5 1-0

[Event "*** Titled Tuesday 3|2 Blitz"]
[Site "Chess.com"]
[Date "2016.01.05"]
[Round "3"]
[White "ftorodent"]
[Black "ChessSkool"]
[Result "0-1"]
[WhiteElo "2150"]
[BlackElo "2228"]
[TimeControl "180+2"]
[EndTime "11:34:31 PST"]
[Termination "ChessSkool won by resignation"]

1. d4 d5 2. c4 dxc4 3. Nf3 a6 4. e3 Bg4 5. Bxc4 e6 6. h3 Bh5 7. O-O Nc6 8. Be2 Nf6 9. Nbd2 Bd6 10. Nc4 O-O 11.
b3 Ne4 12. Bb2 Ne7 13. Ncd2 Nxd2 14. Qxd2 Nd5 15. Rfd1 f5 16. Ne1 Bb4 17. Qc2 Bg6 18. Nf3 Bd6 19. a3 h6 20. Rac1 Bh5 21. Ne1 Qh4 22.
Bxh5 Qxh5 23. Nd3 Rf6 24. Re1 Rg6 25. Kf1 Bh2 26. Qd1 Qh4 27. Qf3 Rf8 28. Nc5 c6 29. Nxb7 Rb8 30. Nc5 a5 31. e4 fxe4 32. Rxe4 Qg5 33. Nxe6 Qf6 34. Qxf6 Nxf6 35. Re3 Nd5 36.
Re2 Rxb3 37. g3 Bxg3 38. fxg3 Ne3+ 39. Kf2 Rxe6 40. Rce1 Rf6+ 41. Kg1 Nd5 42. Kg2 Rff3 43. g4 Rg3+ 44. Kh1 Rxh3+ 45. Kg2 Nf4+ 0-1

[Event "*** Titled Tuesday 3|2 Blitz"]
[Site "Chess.com"]
[Date "2016.01.05"]
[Round "3"]
[White "VSERGUEI"]
[Black "TomsKantans"]
[Result "1/2-1/2"]
[WhiteElo "2427"]
[BlackElo "2320"]
[TimeControl "180+2"]
[EndTime "11:34:35 PST"]
[Termination "Game drawn by agreement"]

1. d4 Nf6 2. c4 c5 3. d5 e6 4.
Nc3 exd5 5. cxd5 d6 6. Nf3 g6 7. Bg5 h6 8. Bh4 Bg7 9. Nd2 g5 10. Bg3 Nh5 11. Qa4+ Kf8 12. Qc2 Nxg3 13. hxg3 Nd7 14.
e3 a6 15. a4 b6 16. Be2 Qe7 17. Nc4 Rb8 18. g4 Ne5 19. Nxe5 Bxe5 20. g3 Bd7 21. Bxa6 Bxg4 22. Be2 Bd7 23. f4 Bg7 24. Kf2 Re8 25. Qd2 Bf5 26. Bb5 Bd7 27. Bxd7 Qxd7 28. a5 bxa5 29. Rxa5 h5 30. Ne2 Qf5 31. Ra6 h4 32.
gxh4 gxf4 33. Nxf4 Qe4 34. Rh3 Be5 35. Qd3 Qb4 36. Qf5 Qxb2+ 37. Kf3 Rg8 38. Ra7 Rg7 39. Rg3 Rxg3+ 40. Kxg3 Bxf4+ 41. Qxf4 Qg7+ 42. Kf3 Qg6 43. Qg5 Qxg5 44. hxg5 Re5 45. Kf4 Rxd5 46. e4 Rd1 47. Rc7 Kg7 48. Rc6 f6 49. gxf6+ Kxf6 50. e5+ Ke6 51.
exd6 Rxd6 52. Rxc5 Rd4+ 1/2-1/2

[Event "*** Titled Tuesday 3|2 Blitz"]
[Site "Chess.com"]
[Date "2016.01.05"]
[Round "3"]
[White "levallem"]
[Black "nfds"]
[Result "0-1"]
[WhiteElo "2158"]
[BlackElo "2345"]
[TimeControl "180+2"]
[EndTime "11:34:44 PST"]
[Termination "nfds won by resignation"]

1. d4 Nf6 2. c4 e6 3. Nc3 Bb4 4.
Bg5 h6 5. Bxf6 Qxf6 6. Nf3 d5 7. e3 O-O 8. cxd5 exd5 9. Qb3 Bxc3+ 10. bxc3 Rd8 11.
Bd3 c5 12. dxc5 Qc6 13. O-O Qxc5 14. c4 Nc6 15. cxd5 Na5 16. Qb1 Qxd5 17. Bh7+ Kh8 18.
Be4 Qd6 19. Rd1 Qxd1+ 20. Qxd1 Rxd1+ 21. Rxd1 Be6 22. Nd4 Bc4 23. Rc1 Rb8 24. a3 Kg8 25. h3 Kf8 26. g4 g6 27. Kg2 Ke7 28. f4 b5 29. Kf3 Kd6 30. f5 g5 31. h4 Nb7 32. hxg5 hxg5 33. Rd1 Kc7 34. Rc1 a6 35.
Bd5 Nd6 36. e4 Kb6 37. a4 Rc8 38. axb5 Bxd5 39. Rxc8 Bxe4+ 40. Ke3 Nxc8 41. Kxe4 axb5 42. Ke5 Kc5 43. Nf3 b4 44. Nxg5 Nd6 45. Nf3 b3 46. Nd2 b2 47. g5 Nc4+ 48. Nxc4 Kxc4 49. g6 b1=Q 50. gxf7 Qb8+ 51. Ke6 Qf8 52. Kf6 Kd5 53. Kg6 Ke5 54. f6 Ke6 0-1

[Event "*** Titled Tuesday 3|2 Blitz"]
[Site "Chess.com"]
[Date "2016.01.05"]
[Round "3"]
[White "Jahonas"]
[Black "alturas_pacificas"]
[Result "1-0"]
[WhiteElo "2127"]
[BlackElo "2089"]
[TimeControl "180+2"]
[EndTime "11:34:49 PST"]
[Termination "Jahonas won by resignation"]

1. d4 d5 2. Nf3 Nf6 3. c3 Bf5 4. Bf4 c6 5. Nbd2 e6 6. e3 Bd6 7. Be2 O-O 8. O-O Bxf4 9. exf4 Nbd7 10. Ne5 Ne4 11. Nxe4 Bxe4 12. f3 Bg6 13. Nxd7 Qxd7 14. Qd2 b5 15. a4 a6 16. b4 bxa4 17. Rxa4 c5 18. Rxa6 Rxa6 19. Bxa6 cxb4 20. cxb4 Qa7 21. b5 h5 22. h4 Qe7 23. g3 Qa3 24. Rf2 Bd3 25. Qb2 Qxb2 26. Rxb2 Rb8 27. Kf2 Kf8 28. Ke3 Bc4 29. Kd2 Ke7 30. Kc3 Kd6 31. Kb4 Kc7 32.
Kc5 Rb6 33. Rb1 Be2 34. Rb3 g6 35. Re3 Bc4 36. g4 Rb8 37. gxh5 gxh5 38. Re5 Rh8 39. Rg5 Kb8 40. Kb6 f6 41. Rg7 Re8 42. Bb7 e5 43.
fxe5 fxe5 44. Bc6 Rd8 45. Ra7 1-0

[Event "*** Titled Tuesday 3|2 Blitz"]
[Site "Chess.com"]
[Date "2016.01.05"]
[Round "3"]
[White "BellJackson95"]
[Black "AdrianaNikolova"]
[Result "1-0"]
[WhiteElo "2270"]
[BlackElo "2173"]
[TimeControl "180+2"]
[EndTime "11:35:10 PST"]
[Termination "BellJackson95 won by checkmate"]

1. e4 c5 2. Nf3 d6 3. d4 cxd4 4. Nxd4 Nf6 5. Nc3 a6 6. Bg5 Nbd7 7. f4 e5 8. Nf3 Qc7 9. Bd3 h6 10. Bxf6 Nxf6 11. Qd2 Bg4 12. O-O Be7 13. h3 Be6 14. Rae1 O-O 15. g4 exf4 16. Qxf4 Qb6+ 17. Kh1 Qxb2 18.
Ne2 d5 19. e5 Ne4 20. Ned4 Bc5 21. Rxe4 dxe4 22. Qxe4 g6 23. Nxe6 Rfc8 24. Nf4 Bf8 25.
Nxg6 Qb4 26. c4 Bg7 27. Ngh4 Qe7 28. Nf5 Qf8 29. N3d4 Rc6 30. Nxg7 Qxg7 31. Nf5 Qf8 32. Nd6 Qg7 33. Rxf7 Qxf7 34. Nxf7 Kxf7 35. Qh7+ Ke6 36. Qf5+ Ke7 37. Qh7+ Ke6 38. Qxh6+ Kxe5 39. Qe3+ Kd6 40.
Qf4+ Ke7 41. Qg5+ Kd6 42. Be4 Rc5 43. Qf6+ Kd7 44. Bxb7 Rb8 45. Bd5 Rb1+ 46. Kg2 Ra5 47. Qf5+ Kd6 48. Qxb1 Kc5 49. Qb3 Kd4 50. a3 Rc5 51.
Kf3 Ke5 52. Qe3+ Kd6 53. Qe6+ Kc7 54. Qe7+ Kb6 55. Qb7+ Ka5 56. Qb4# 1-0

[Event "*** Titled Tuesday 3|2 Blitz"]
[Site "Chess.com"]
[Date "2016.01.05"]
[Round "3"]
[White "HansCoolNiemann"]
[Black "Vorenus_Lucius"]
[Result "0-1"]
[WhiteElo "2203"]
[BlackElo "2447"]
[TimeControl "180+2"]
[EndTime "11:35:19 PST"]
[Termination "Vorenus_Lucius won on time"]

1. d4 d5 2. c4 c6 3. Nf3 Nf6 4. e3 Bf5 5. Nc3 e6 6. Nh4 Be4 7. f3 Bg6 8. Qb3 Qc7 9. Bd2 Nbd7 10. Nxg6 hxg6 11. cxd5 exd5 12. O-O-O O-O-O 13. e4 dxe4 14. fxe4 Nb6 15. Bg5 Re8 16. Bd3 Ng4 17. Rdf1 f6 18. Be2 Nxh2 19. Bf4 Bd6 20. e5 fxe5 21. Bxh2 Rxh2 22.
Rxh2 exd4 23. Bg4+ Kb8 24. Rh3 dxc3 25. Rxc3 Nd5 26.
Rd3 Be5 27. Kb1 Bf6 28. Rd2 a5 29. Qc2 Ne3 30. Re1 Nxc2 31. Rxe8+ Ka7 32. Rxc2 Qf4 33. Bf3 g5 34. Re4 Qf5 35. Rec4 Qe5 36. a3 Qe3 37. Ka2 Bd4 38. Re2 Qg1 39. Rd2 Bf6 40. Rd7 Kb6 41. Rd3 Qf2 42. Rb3+ Kc7 43. Ra4 Qc5 44. Re4 Qc2 45.
Re2 Qc4 46. Re4 Qf7 47. Ra4 b6 48. Re4 b5 49. a4 Kb6 50. Be2 Qd5 51. Rg4 Qe6 0-1

[Event "*** Titled Tuesday 3|2 Blitz"]
[Site "Chess.com"]
[Date "2016.01.05"]
[Round "3"]
[White "Anton_Demchenko"]
[Black "Fandorine"]
[Result "0-1"]
[WhiteElo "2667"]
[BlackElo "2555"]
[TimeControl "180+2"]
[EndTime "11:35:20 PST"]
[Termination "Fandorine won by resignation"]

1. e4 e6 2. d4 d5 3. Nd2 Be7 4. Ngf3 Nf6 5. Bd3 c5 6. dxc5 O-O 7. O-O Nbd7 8. b4 a5 9. c3 axb4 10. cxb4 Qc7 11. Bb2 b6 12. cxb6 Nxb6 13. e5 Nfd7 14. Rc1 Qb8 15. a3 Bb7 16. Re1 f6 17. exf6 Bxf6 18.
Bxf6 Rxf6 19. Qc2 g6 20. Qb2 Qf4 21. Nf1 Raf8 22. Qd4 Qd6 23. Bb5 Rf4 24. Qd2 Rxf3 25. gxf3 Ne5 26. Rxe5 Qxe5 27. Qe3 Qd6 28. Re1 Bc8 29. Ng3 d4 30. Qe5 Qd8 31. Rd1 Nd5 32. Rxd4 Qb6 33. Bc4 Bb7 34. Re4 Rc8 35. Bb3 Kf7 36.
Kg2 Qc7 37. Qxc7+ Rxc7 38. Bxd5 exd5 39. Rd4 Ke6 40. f4 g5 41. Kf3 Rc3+ 42. Kg4 gxf4 43. Kxf4 Rxa3 44. h4 Ra2 45. f3 Rh2 46. Ke3 Ke5 47.
Ne2 Rxe2+ 48. Kxe2 Kxd4 49. Kd2 Kc4 50. Ke3 d4+ 51. Kd2 Kxb4 52. Kd3 Kc5 53. f4 Bc8 54. Ke4 Kc4 0-1

[Event "*** Titled Tuesday 3|2 Blitz"]
[Site "Chess.com"]
[Date "2016.01.05"]
[Round "3"]
[White "jup1978"]
[Black "PowerThinking2650"]
[Result "1-0"]
[WhiteElo "2222"]
[BlackElo "2064"]
[TimeControl "180+2"]
[EndTime "11:35:21 PST"]
[Termination "jup1978 won by checkmate"]

1. e4 e5 2. Nf3 Nc6 3. Bb5 a6 4. Ba4 Nf6 5. Qe2 b5 6. Bb3 Be7 7. c3 d6 8. d4 exd4 9. Nxd4 Nxd4 10. cxd4 O-O 11. O-O Bb7 12. e5 dxe5 13. dxe5 Nd5 14. Rd1 c6 15. a4 Bc5 16. Nc3 Qh4 17. g3 Nxc3 18. bxc3 Qh3 19. Qf1 Qh5 20. Re1 Rad8 21.
Qe2 Qh3 22. Qf1 Qh5 23. Be3 Bxe3 24. Rxe3 c5 25. Bd1 Qg6 26. axb5 axb5 27. Qxb5 Rb8 28. Qxc5 Rfc8 29. Qd6 Qf5 30. e6 Rd8 31. exf7+ Qxf7 32. Qe6 Qxe6 33. Rxe6 Rbc8 34. Re3 Rd2 35. Bf3 Bxf3 36. Rxf3 Rc2 37. Ra7 Rf8 38. Rxf8+ Kxf8 39. Rc7 h5 40. h4 Kg8 41. Kg2 Kh7 42. Kf3 Kh6 43. Rc6+ g6 44.
Ke3 Kg7 45. c4 Kf7 46. c5 Kg7 47. Rc7+ Kh6 48. c6 g5 49. hxg5+ Kxg5 50. Rc8 Kg6 51. c7 Kg7 52. Kd3 Rc1 53. Ke4 Re1+ 54. Kf5 Rc1 55. Ke6 Re1+ 56. Kd5 Rd1+ 57. Ke4 Rc1 58. Kd3 Rc6 59.
Kd4 Rc1 60. Ke4 Re1+ 61. Kf4 Rc1 62. Kg5 Rc5+ 63. Kh4 Kh7 64. Rf8 Rxc7 65. Kxh5 Rc3 66. Kg4 Kg7 67. Rf5 Kg6 68. Rb5 Rc4+ 69. f4 Rc6 70.
Kh4 Kh6 71. g4 Rc1 72. Rb6+ Kg7 73. Kg5 Rc5+ 74. f5 Rc7 75. Kh5 Kf8 76. g5 Kg8 77. f6 Ra7 78. Kg6 Rg7+ 79. Kf5 Ra7 80. Rb8+ Kf7 81. g6# 1-0

[Event "*** Titled Tuesday 3|2 Blitz"]
[Site "Chess.com"]
[Date "2016.01.05"]
[Round "3"]
[White "rdclayton"]
[Black "GianmarcoVaR"]
[Result "1-0"]
[WhiteElo "2117"]
[BlackElo "2263"]
[TimeControl "180+2"]
[EndTime "11:35:22 PST"]
[Termination "rdclayton won on time"]

1. d4 Nf6 2. c4 e6 3. Nf3 b6 4.
a3 Bb7 5. Nc3 g6 6. d5 Bg7 7. e4 O-O 8. Be2 d6 9. O-O e5 10. h3 Nh5 11. Be3 Nf4 12. b4 f5 13.
exf5 gxf5 14. Bxf4 exf4 15. Nb5 Bxa1 16. Qxa1 Na6 17.
Nbd4 Qf6 18. Qc1 Rae8 19. Bd3 Re4 20. Ne6 Rxe6 21. dxe6 Bxf3 22. gxf3 Qxe6 23. Qxf4 c5 24. b5 Nb8 25. Kh1 Nd7 26. Rg1+ Kh8 27. Qg3 Qg6 28.
Qxg6 hxg6 29. Rxg6 Ne5 30. Rxd6 Nxf3 31. Kg2 Nd4 32.
Rd5 Rf7 33. h4 Kg7 34. Kg3 Kf6 35. Rd6+ Ke5 36. Rh6 Rg7+ 37. Kh3 Kf4 38. h5 Kf3 39. Rg6 Rh7 40. h6 Kxf2 41. Kh4 f4 42. Kg5 Ke3 43. Bf1 f3 44. Rf6 Kf2 45. Bh3 Kg3 46. Bf1 f2 47. Kg6 Rh8 48. Kg7 Re8 49. h7 1-0

[Event "*** Titled Tuesday 3|2 Blitz"]
[Site "Chess.com"]
[Date "2016.01.05"]
[Round "3"]
[White "aspired"]
[Black "oggy1984"]
[Result "1-0"]
[WhiteElo "2370"]
[BlackElo "2175"]
[TimeControl "180+2"]
[EndTime "11:35:22 PST"]
[Termination "aspired won by resignation"]

1. Nf3 Nf6 2. e3 g6 3. b4 Bg7 4.
Bb2 O-O 5. c4 d6 6. Be2 e5 7. d4 Nc6 8. b5 Nb8 9. dxe5 Ng4 10. h3 Nxe5 11. Nxe5 dxe5 12. Qxd8 Rxd8 13. Nd2 a6 14. a4 Nd7 15. Nb3 axb5 16. cxb5 Nb6 17.
a5 Nd5 18. O-O Bf5 19. Nc5 b6 20. Nb7 Rdb8 21. a6 e4 22. Bxg7 Kxg7 23. Bc4 Ne7 24. Rfc1 Bc8 25. Nd8 Bd7 26. Nxf7 Bxb5 27. Bxb5 Kxf7 28.
Rxc7 Ke6 29. Rd1 Rd8 30. Bc4+ Kf6 31. Rxd8 Rxd8 32. Rb7 Rd1+ 33. Kh2 Ra1 34. Rxb6+ Kf5 35. Rb7 Kf6 36. Rb6+ Kf5 37. g4+ Kg5 38. Rb7 Kf6 39. Rb6+ Kg5 40. Re6 Nc8 41. Rxe4 Nd6 42. Rd4 Nxc4 43.
Rxc4 Rxa6 44. Kg3 Ra1 45. h4+ Kh6 46. f3 Ra5 47. Rc7 g5 48. hxg5+ Rxg5 49. f4 Ra5 50. g5+ Kg6 51. Rc6+ Kg7 52. e4 Ra7 53. Kg4 Rb7 54. e5 Rc7 55. Rxc7+ 1-0

[Event "*** Titled Tuesday 3|2 Blitz"]
[Site "Chess.com"]
[Date "2016.01.05"]
[Round "3"]
[White "GMCanty"]
[Black "ChessWarrior7197"]
[Result "0-1"]
[WhiteElo "2212"]
[BlackElo "2441"]
[TimeControl "180+2"]
[EndTime "11:35:27 PST"]
[Termination "ChessWarrior7197 won by checkmate"]

1. e4 c5 2. c3 d5 3. exd5 Qxd5 4. d4 Nf6 5. Nf3 Bf5 6. Na3 e6 7. Nb5 Na6 8. Be3 cxd4 9. Nfxd4 Bg4 10. Qa4 Nd7 11. Qxa6 bxa6 12. Nc7+ Kd8 13. Nxd5 exd5 14. Bxa6 Bc5 15. f3 Bh5 16. O-O-O Kc7 17. Bf4+ Kb6 18. Bd3 Bg6 19. Nb3 Kc6 20. Na5+ Kb6 21. b4 Nf6 22.
Nb3 Be7 23. Be3+ Kc7 24. Nd4 a5 25. b5 Bc5 26. a4 Kb6 27. Kb2 Rhe8 28. Rhe1 Rac8 29. Bg1 Kb7 30. Nf5 Rxe1 31. Rxe1 Bxg1 32. Nd6+ Kc7 33. Nxc8 Bxd3 34. Rxg1 Kxc8 35. Rd1 Bc4 36. Re1 Kd7 37. Kc2 Ng8 38. Kd2 Ne7 39. g4 Bb3 40. Ra1 Nc8 41. Ke3 Nb6 42. Kd4 Kd6 43. f4 Bxa4 44.
Rb1 Bc2 45. Rb2 Be4 46. h4 a4 47. Ra2 Bf3 48. g5 Bd1 49. f5 Bb3 50. Ra1 Nc4 51. h5 g6 52. fxg6 fxg6 53. hxg6 hxg6 54. Rf1 a3 55. Rf6+ Kd7 56. Rxg6 Ba4 57. Ra6 Nb2 58. Ra7+ Ke6 59. b6 a2 60. b7 a1=Q 61. b8=Q Qg1# 0-1

[Event "*** Titled Tuesday 3|2 Blitz"]
[Site "Chess.com"]
[Date "2016.01.05"]
[Round "3"]
[White "MateusViageiro"]
[Black "BIG_Pirate"]
[Result "1-0"]
[WhiteElo "2249"]
[BlackElo "2204"]
[TimeControl "180+2"]
[EndTime "11:35:27 PST"]
[Termination "MateusViageiro won by resignation"]

1. e4 c5 2. Nf3 e6 3. g3 b6 4.
Bg2 Bb7 5. d3 d6 6. O-O g6 7.
Re1 Bg7 8. c3 e5 9. Bg5 Ne7 10. d4 exd4 11. cxd4 h6 12. Bf4 O-O 13. Nc3 a6 14. dxc5 dxc5 15. Qc1 Kh7 16. Rd1 Qc8 17. Bd6 Re8 18. Qf4 Qe6 19. h4 Nbc6 20. Bc7 Nd4 21. Qd6 Qxd6 22. Bxd6 Rac8 23. Nxd4 cxd4 24. Ne2 Rc2 25. Nxd4 Rxb2 26. e5 Bxg2 27. Kxg2 Nc8 28. Ba3 Rb5 29. Nxb5 axb5 30. f4 Ne7 31.
Bxe7 Rxe7 32. Rd6 Rc7 33. Rad1 g5 34. hxg5 hxg5 35. Rh1+ Kg8 36. Rd8+ Bf8 37. Rhd1 gxf4 38. gxf4 Kg7 39. Kf3 Rc3+ 40. R8d3 Rc5 41. Rd5 Rc3+ 42. R1d3 Rc2 43. Rd2 Rc3+ 44. R5d3 Rc4 45. Kg4 Kg6 46.
Rd4 Rc3 47. R2d3 Rc2 48. f5+ Kg7 49. Rd2 Rc3 50. Kf4 Bc5 51. R4d3 Rc4+ 52. Kf3 b4 53. Rg2+ Kf8 54. f6 Ke8 55. Rg8+ Bf8 56. Rxf8+ 1-0

[Event "*** Titled Tuesday 3|2 Blitz"]
[Site "Chess.com"]
[Date "2016.01.05"]
[Round "3"]
[White "tac49"]
[Black "ruifeng"]
[Result "0-1"]
[WhiteElo "2461"]
[BlackElo "2274"]
[TimeControl "180+2"]
[EndTime "11:35:43 PST"]
[Termination "ruifeng won on time"]

1. e4 e6 2. d4 d5 3. Nd2 Nf6 4. e5 Nfd7 5. Bd3 c5 6. c3 Nc6 7. Ndf3 cxd4 8. cxd4 f6 9. exf6 Nxf6 10. Ne2 Bb4+ 11.
Bd2 Qa5 12. a3 Bxd2+ 13. Qxd2 Qxd2+ 14. Kxd2 Bd7 15. Bb5 Ne4+ 16. Ke3 O-O 17. Ng3 Nd6 18. Bxc6 Bxc6 19. b3 a5 20. a4 Ra6 21. Rhc1 Rb6 22.
Ra3 Rc8 23. Rc5 Bd7 24. Ne5 Be8 25. Kd2 Rb4 26. Rxc8 Nxc8 27. Kc3 Nd6 28. Nd3 Rb6 29. Nc5 Rc6 30. Kd2 Kf7 31. Ra1 b6 32. Nd3 Ke7 33. Re1 Bf7 34. f3 Rc8 35. Ne2 Kf6 36. g4 g5 37. Rh1 h5 38. h4 hxg4 39. fxg4 Ne4+ 40. Ke3 gxh4 41. Rxh4 Kg5 42. Rh7 Kg6 43. Rh5 Kg7 44.
Rh2 Rc2 45. Rh1 Rxe2+ 46. Kxe2 Ng3+ 47. Kf3 Nxh1 48. Ne5 Bg6 49. Nd7 Be4+ 50. Kf4 Nf2 51. Nxb6 Nd3+ 52. Ke3 Nc1 53. b4 axb4 54. a5 b3 55. Na4 Bd3 56. Kd2 Bb5 57. a6 Bxa4 0-1

[Event "*** Titled Tuesday 3|2 Blitz"]
[Site "Chess.com"]
[Date "2016.01.05"]
[Round "3"]
[White "Malev212"]
[Black "RitchieBlackmore"]
[Result "1-0"]
[WhiteElo "2277"]
[BlackElo "2414"]
[TimeControl "180+2"]
[EndTime "11:35:48 PST"]
[Termination "Malev212 won by checkmate"]

1. Nf3 Nf6 2. c4 g6 3. Nc3 Bg7 4. e4 d6 5. d4 O-O 6. Be2 Qe8 7.
O-O e5 8. d5 Nfd7 9. Nb5 Na6 10. Bd2 f5 11. exf5 gxf5 12. Ng5 Nf6 13. c5 h6 14. Ne6 Bxe6 15. dxe6 Qxe6 16. cxd6 cxd6 17. Nxd6 Kh8 18. Nxb7 Nc7 19. Rc1 Ncd5 20. Bc4 Rab8 21. Nc5 Qd6 22. Na6 Rxb2 23. Bb4 Rxb4 24. Nxb4 Qxb4 25.
Bxd5 Rd8 26. Qf3 Nxd5 27. Rfd1 Qd6 28. Qxf5 Qf8 29. Qxf8+ Bxf8 30. Rc2 Rb8 31. g3 Nf6 32. Rc7 a5 33. Rf7 Ne4 34. Re1 Ng5 35. Rf5 e4 36. Kg2 Bg7 37. h4 Ne6 38. Rxe4 Nd4 39. Rxa5 Rb2 40. Ra8+ Kh7 41. Ra7 Nf5 42. Rf4 Nd6 43. Rf6 Rxa2 44. Rxg7+ Kxg7 45. Rxd6 Ra7 46. h5 Kh7 47. f4 Rb7 48. Kh3 Ra7 49. Kh4 Rb7 50. g4 Ra7 51. g5 hxg5+ 52. fxg5 Ra4+ 53. Kg3 Ra3+ 54. Kf4 Ra4+ 55. Ke5 Ra5+ 56. Rd5 Ra7 57. Kf6 Ra6+ 58. Kf5 Ra7 59. Ke6 Ra1 60. Rd7+ Kh8 61.
h6 Rf1 62. Rf7 Re1+ 63. Kf6 Ra1 64. Rf8+ Kh7 65. g6+ Kxh6 66. Rh8# 1-0

[Event "*** Titled Tuesday 3|2 Blitz"]
[Site "Chess.com"]
[Date "2016.01.05"]
[Round "3"]
[White "KNVB"]
[Black "bugsbunny444"]
[Result "0-1"]
[WhiteElo "2397"]
[BlackElo "2366"]
[TimeControl "180+2"]
[EndTime "11:35:52 PST"]
[Termination "bugsbunny444 won by checkmate"]

1. d4 e6 2. c4 b6 3. e4 Bb7 4.
Bd3 Bb4+ 5. Kf1 Be7 6. Nf3 d6 7. Nc3 Nd7 8. g3 Bf6 9. Kg2 Ne7 10. Re1 a6 11. Bg5 c5 12. Bxf6 Nxf6 13. d5 e5 14.
a3 O-O 15. Nd2 Bc8 16. b4 Nd7 17. Nf1 f5 18. exf5 Nxf5 19. Bxf5 Rxf5 20. Ne4 Nf6 21.
bxc5 Nxe4 22. Rxe4 bxc5 23. Ne3 Rf7 24. Rb1 Bd7 25. Qh5 Qf6 26. Rb2 Raf8 27. Qe2 Qg6 28. Rh4 Bf5 29. Nxf5 Rxf5 30. Qe3 Qf6 31. Re4 Rf3 32. Qe2 Rxa3 33. Rb6 Rf3 34. Rb2 h6 35. Re3 Rf5 36. Ra3 e4 37. Rc2 Qd4 38. Re3 Rxf2+ 39. Qxf2 Rxf2+ 40. Kxf2 Qf6+ 41. Ke2 Qd4 42. Kf2 Kh7 43. h3 a5 44. Ke2 a4 45. h4 Qe5 46.
Ra2 Qh5+ 47. Ke1 Qf7 48. Rxa4 Qf6 49. Ra2 Qd4 50. Rae2 Qxc4 51. Rd2 Qc1+ 52. Ke2 Qb1 53. Rc3 Qh1 54. Re3 Qg2+ 55. Kd1 Qg1+ 56. Ke2 Qh1 57. Rd1 Qg2+ 58. Ke1 c4 59. Rd4 Qg1+ 60. Ke2 c3 61. Rc4 Qg2+ 62. Kd1 Qd2# 0-1

[Event "*** Titled Tuesday 3|2 Blitz"]
[Site "Chess.com"]
[Date "2016.01.05"]
[Round "3"]
[White "Zlatan56"]
[Black "swayamsm"]
[Result "1-0"]
[WhiteElo "2570"]
[BlackElo "2530"]
[TimeControl "180+2"]
[EndTime "11:35:53 PST"]
[Termination "Zlatan56 won by resignation"]

1. Nf3 e6 2. g3 Nf6 3. Bg2 c5 4. O-O Nc6 5. c4 Be7 6. d4 d5 7.
cxd5 exd5 8. Nc3 O-O 9. Bg5 Be6 10. dxc5 Bxc5 11. Bxf6 Qxf6 12. Rc1 Rfd8 13. Qd2 h6 14.
Nb5 Bb4 15. Qc2 Rac8 16. Qb3 d4 17. Qa4 a6 18. Na7 Nxa7 19. Qxb4 Rb8 20. Rfd1 Nc6 21. Qb6 Bxa2 22. Nd2 Bd5 23. Bxd5 Rxd5 24. Ne4 Qe5 25. Nc5 Qxe2 26. Nd3 Rb5 27. Qc7 h5 28. b4 h4 29.
Nf4 Qf3 30. Rd3 Qe4 31. Rd2 Rxb4 32. Re2 Qf3 33. Rce1 h3 34. Nxh3 Rb5 35. Nf4 d3 36. Rd2 Rd8 37. Red1 Rb3 38. h4 Qe4 39. Rc1 a5 40.
Rxc6 Rb1+ 41. Rc1 Rxc1+ 42. Qxc1 a4 43. Qc3 b5 44. Rxd3 Rxd3 45. Qxd3 Qxd3 46. Nxd3 f6 47. Kf1 Kf7 48. Ke2 Ke6 49. Nb4 Ke5 50. Ke3 f5 51.
f4+ Kf6 52. Kf3 Kg6 53. g4 fxg4+ 54. Kxg4 Kf6 55. h5 Ke6 56. f5+ Kd6 57. f6 Kc5 58. fxg7 Kxb4 59. g8=Q 1-0

[Event "*** Titled Tuesday 3|2 Blitz"]
[Site "Chess.com"]
[Date "2016.01.05"]
[Round "3"]
[White "ER404"]
[Black "the_drake"]
[Result "1/2-1/2"]
[WhiteElo "2134"]
[BlackElo "2008"]
[TimeControl "180+2"]
[EndTime "11:36:24 PST"]
[Termination "Game drawn - insufficient material"]

1. d4 d5 2. c4 e6 3. Nc3 Nf6 4.
cxd5 exd5 5. Bg5 Nbd7 6. e3 Bb4 7. Nf3 c5 8. Bd3 Qa5 9. Qc2 O-O 10. O-O c4 11. Bf5 g6 12. Bxd7 Nxd7 13. Nd2 Kg7 14. Bf4 Re8 15. f3 Bxc3 16. bxc3 Nb6 17. Rae1 Na4 18.
Nb1 b5 19. e4 Bb7 20. Qd2 dxe4 21. fxe4 Rxe4 22. Be5+ Rxe5 23. Rxe5 Qb6 24. Qg5 a6 25. h4 Rf8 26. h5 Qd6 27. Rf6 Qd8 28. h6+ Kg8 29.
Qf4 Nb2 30. Re3 Nd3 31. Qg5 Qd5 32. Qxd5 Bxd5 33. Rxa6 Be6 34. Rb6 Bd7 35. Rb7 Be8 36.
Rb8 Bd7 37. Rxf8+ Kxf8 38. Na3 f5 39. Nc2 Kf7 40. Nb4 f4 41. Rxd3 cxd3 42. Nxd3 Be6 43. Nxf4 Bxa2 44. Kf2 Kf6 45. Nh3 Kf5 46. Ke3 Bd5 47.
Nf4 Bc4 48. g3 Kg4 49. Kf2 Kg5 50. Kf3 Kxh6 51. d5 Kg7 52. Ke4 Kf6 53. Ne6 Ba2 54.
Nc7 Bc4 55. Kd4 Be2 56. Kc5 Ke5 57. d6 Bg4 58. Nxb5 Ke6 59. Nd4+ Kd7 60. c4 h5 61. Kd5 Bh3 62. c5 Bg2+ 63. Ke5 g5 64. Kf5 h4 65.
gxh4 gxh4 66. Kg4 Ke8 67. c6 Bxc6 68. Kxh4 Kd7 69. Kg3 Kxd6 70. Nxc6 1/2-1/2

[Event "*** Titled Tuesday 3|2 Blitz"]
[Site "Chess.com"]
[Date "2016.01.05"]
[Round "3"]
[White "LePlusMortel"]
[Black "GeorgMeier"]
[Result "0-1"]
[WhiteElo "2460"]
[BlackElo "2682"]
[TimeControl "180+2"]
[EndTime "11:36:32 PST"]
[Termination "GeorgMeier won by resignation"]

1. Nf3 d5 2. g3 Bg4 3. Bg2 e6 4. O-O Nf6 5. d3 Be7 6. c4 O-O 7. Nc3 c6 8. Qb3 Qb6 9. Be3 Qxb3 10. axb3 a6 11. Ne5 Nbd7 12. Nxg4 Nxg4 13. Bd2 Nc5 14. Ra3 Nd7 15. Ra2 Nc5 16. Ra3 f5 17. b4 Nd7 18. c5 Ndf6 19. h3 Ne5 20. f4 Nf7 21. e4 Rad8 22. e5 Nh5 23. Kh2 g5 24. Ne2 gxf4 25. gxf4 Nh8 26. Bf3 Ng7 27. Rg1 Ng6 28. Be1 Kf7 29. Bf2 Rg8 30. Raa1 Ne8 31. Bh5 Ng7 32. Bf3 Ne8 33. Bh5 Nc7 34. Rg2 Rg7 35.
Rag1 Rdg8 36. h4 Kf8 37. Kh3 Nb5 38. Bf3 Bd8 39. h5 Nh8 40. Rxg7 Rxg7 41. Rxg7 Kxg7 42. Nc3 Nxc3 43. bxc3 a5 44. bxa5 Bxa5 45. c4 dxc4 46. dxc4 Bd2 47. Kg3 Nf7 48. Be2 Nh6 49. Kf3 Ng4 50.
Bh4 Kh6 51. Be7 Kxh5 52. Kg3 Kg6 53. Bxg4 fxg4 54. Kxg4 h5+ 55. Kf3 Kf5 56. Bg5 Bc3 57.
Bh6 Bb4 58. Bf8 Bd2 59. Bh6 h4 60. Bg5 h3 61. Kg3 Bxf4+ 62. Bxf4 h2 0-1

[Event "*** Titled Tuesday 3|2 Blitz"]
[Site "Chess.com"]
[Date "2016.01.05"]
[Round "3"]
[White "nonsopolo1"]
[Black "Grootneus"]
[Result "0-1"]
[WhiteElo "2062"]
[BlackElo "2017"]
[TimeControl "180+2"]
[EndTime "11:37:04 PST"]
[Termination "Grootneus won by resignation"]

1. e4 c5 2. Nf3 Nc6 3. d4 cxd4 4.
Nxd4 Nf6 5. Nc3 e5 6. Ndb5 d6 7. Bg5 a6 8. Bxf6 gxf6 9. Na3 b5 10.
Nd5 f5 11. exf5 Bxf5 12. c3 Bg7 13. Nc2 O-O 14. a4 b4 15. Ncxb4 Nxb4 16. cxb4 e4 17. Qd2 Rc8 18. Bxa6 Rc6 19. Bb5 Rc8 20. O-O Be5 21.
h3 Kh8 22. Ne3 Be6 23. f4 exf3 24. Rxf3 Qh4 25. Qf2 Qd4 26. Rd1 Qxb2 27. Qxb2 Bxb2 28. Rxd6 Rc1+ 29. Kf2 Be5 30. Rd2 Rb1 31. Nc2 Rc8 32. Bd3 Bc3 33. Re2 Bxb4 34. Nxb4 Rxb4 35. Bb5 Bd5 36.
Ra3 Rg8 37. g4 Rg6 38. Rd2 Rf6+ 39. Ke2 Bc4+ 40. Bxc4 Rxc4 41. a5 Ra6 42. Rd5 Kg7 43. Kd3 Rf4 44. Ke3 Rb4 45. Rh5 Kg6 46. Kf3 h6 47.
Kg3 Rc4 48. Rf5 Rb4 49. Rh5 Rc4 50. Rb5 Rd4 51. Rab3 Ra8 52. Ra3 Ra6 53. Rab3 f6 54.
Ra3 Rc4 55. Rd5 Rb4 56. Rc5 Rd4 57. Kf3 Rb4 58. Rf5 Rc4 59. h4 Rb4 60. Kg3 Rc4 61. h5+ Kf7 62. Rc5 Rxc5 0-1